Cogmind - Beta 10.2 @@@ ROGUE MODE // 2020.11.12 @ 01:02:09 // Halloween2020/ForbiddenLore Player: blelm Result: Destroyed by D-53 Grenadier with Mini Grenade Launcher Performance ------------- Evolutions (0) 0 Regions Visited (2) 400 Robots Destroyed (17) 85 Value Destroyed (206) 206 Prototype IDs (6) 120 Alien Tech Used (0) 0 Bonus (0) 0 TOTAL SCORE: 811 Bonus ------- None Cogmind --------- Core Integrity 0/250 Matter 202/300 Energy 99/100 System Corruption 0% Temperature Cool (0) Movement Core (550) Ox10 Location -10/Mines Parts ------- > --- POWER (1) -------- (None) > --- PROPULSION (2) --- (None) > --- UTILITY (2) ------ Large Storage Unit Large Storage Unit > --- WEAPON (2) ------- (None) > --- INVENTORY (16) --- Ion Engine Light Treads Light Treads Light Treads Light Treads Compact Wheel Medium Storage Unit Large Matter Pod (0) Autogun Autogun Mining Laser Peak State ------------ > --- POWER ------------ Ion Engine > --- PROPULSION ------- Light Treads Compact Wheel > --- UTILITY ---------- Medium Storage Unit Medium Storage Unit > --- WEAPON ----------- Autogun Light Cannon > --- INVENTORY -------- Light Ion Engine Light Treads Light Treads Light Treads Light Treads Light Treads Compact Wheel Medium Storage Unit Assault Rifle Light Assault Rifle Mining Laser [Rating: 9] Favorites ----------- Power Ion Engine Engine Ion Engine Propulsion Light Treads Treads Light Treads Leg Aluminum Leg Wheel Compact Wheel Utility Small Storage Unit Storage Small Storage Unit Weapon Light Cannon Energy Gun Medium Laser Ballistic Gun Assault Rifle Ballistic Cannon Light Cannon Special Weapon Mining Laser Build | -11 -10 -10 ------- Run | Scr Mat Min Slots Evolved . | . . . Power . | . . . Propulsion . | . . . Utility . | . . . Weapon . | . . . Parts Attached 16 | 4 10 2 Power 2 | . 2 . Engine 2 | . 2 . Core . | . . . Reactor . | . . . Propulsion 3 | 2 1 . Treads 2 | 1 1 . Leg . | . . . Wheel 1 | 1 . . Hover . | . . . Flight . | . . . Utility 5 | 1 4 . Device . | . . . Storage 5 | 1 4 . Processor . | . . . Hackware . | . . . Protection . | . . . Artifact . | . . . Weapon 6 | 1 3 2 Energy Gun . | . . . Energy Cannon . | . . . Ballistic Gun 4 | 1 1 2 Ballistic Cannon 1 | . 1 . Launcher . | . . . Special Weapon 1 | . 1 . Impact Weapon . | . . . Slashing Weapon . | . . . Piercing Weapon . | . . . Special Melee Weapon . | . . . Unidentified Prototypes . | . . . Parts Lost 6 | . . 6 Power 1 | . . 1 Propulsion 2 | . . 2 Utility . | . . . Weapon 3 | . . 3 Highest Loss Streak 6 | . . 6 Average Slot Usage (%) 99 | . 100 85 Engine 13 | . 14 8 Treads 13 | . 14 11 Wheel 14 | . 14 14 Storage 28 | . 28 28 Ballistic Gun 12 | . 12 14 Ballistic Cannon 12 | . 12 8 Special Weapon 3 | . 3 . Naked Turns . | . . . Heaviest Build 43 | 14 41 43 Greatest Support 16 | 16 16 16 Greatest Overweight (x) 2 | . 2 2 Average Overweight (x) . | . . 2 Largest Inventory Capacity 16 | 8 16 16 Average Capacity 9 | 6 9 16 Most Carried 13 | 6 13 12 Average Carried 8 | 4 8 11 Final Capacity 16 | 8 16 16 Final Carried 12 | 4 12 11 Class Distribution -------------------- 100% | Mutant Dominant Class ---------------- Mutant | -10/Materials Mutant | -10/Mines Resources | -11 -10 -10 ----------- Run | Scr Mat Min Matter Collected 460 | 264 186 10 Remotely . | . . . Salvage Created 413 | 107 260 46 Parts 39 | 6 30 3 Haulers Intercepted 2 | . 2 . Recyclers Shooed 1 | 1 . . Parts Field Recycled . | . . . Retrieved Matter . | . . . Parts Self-Destructed . | . . . Prevented . | . . . Kills | -11 -10 -10 ------- Run | Scr Mat Min Combat Hostiles Destroyed 10 | . 9 1 Guns 6 | . 5 1 Cannons 4 | . 4 . Classes Destroyed 8 | 2 5 1 Worker 1 | . 1 . Builder 1 | . 1 . Tunneler 1 | 1 . . Hauler 2 | . 2 . Recycler 1 | 1 . . Watcher 1 | . 1 . Swarmer 9 | . 9 . Grunt 1 | . . 1 Best Kill Streak 4 | 2 4 1 Combat Bots Only 3 | . 3 1 Max Kills in Single Turn 2 | 1 2 1 Gunslinging . | . . . Exploded . | . . . Melee . | . . . Uniques/NPCs Destroyed . | . . . Combat | -11 -10 -10 -------- Run | Scr Mat Min Damage Taken 1053 | . 176 877 Core 261 | . 36 225 Absorbed by Shields . | . . . Core Remaining (%) 100 | 100 . . Volleys Fired 47 | 6 33 8 Largest 2 | 2 2 2 Hottest 100 | 40 100 46 Shots Fired 85 | 12 64 9 Gun 69 | 12 48 9 Cannon 14 | . 14 . Launcher . | . . . Special 2 | . 2 . Kinetic 83 | 12 62 9 Thermal 2 | . 2 . Explosive . | . . . Electromagnetic . | . . . Robot Hit Streak 7 | 3 5 7 Robot Miss Streak 7 | 1 7 3 Penetration Max . | . . . Secondary Targets . | . . . Shots Hit Robots 39 | 7 28 4 Core Hits 23 | 3 16 4 Critical Hits . | . . . Critical Kills . | . . . Critical Parts Destroyed . | . . . Melee Attacks . | . . . Impact . | . . . Slashing . | . . . Piercing . | . . . Sneak Attacks . | . . . Combat Hostiles . | . . . Follow-up Attacks . | . . . Damage Inflicted 560 | 64 421 75 Guns 429 | 64 290 75 Cannons 131 | . 131 . Explosions . | . . . Melee . | . . . Ramming . | . . . Kinetic 560 | 64 421 75 Thermal . | . . . Explosive . | . . . Electromagnetic . | . . . Impact . | . . . Slashing . | . . . Piercing . | . . . Highest Corruption . | . . . Average Corruption . | . . . Corruption Purged . | . . . Overload Shots . | . . . Overflow Damage . | . . . Projectiles . | . . . Explosions . | . . . Melee . | . . . Knockbacks . | . . . Impact . | . . . Kinetic . | . . . Secondary . | . . . Self-Inflicted Damage . | . . . Shots . | . . . Rammed . | . . . Targets Rammed . | . . . Kicked . | . . . Crushed . | . . . Highest Temperature 21 | . 20 21 Average Temperature 11 | . 12 9 Received Heat Transfer 95 | . . 95 Siege Activations . | . . . Robots Corrupted . | . . . Combat Hostiles . | . . . Parts Fried . | . . . Impact Corruptions . | . . . Robots Melted . | . . . Combat Hostiles . | . . . Parts Melted . | . . . Heat Transferred . | . . . Parts Sabotaged . | . . . Parts Stolen . | . . . Parts Stripped . | . . . Power Chain Reactions . | . . . Missiles Intercepted . | . . . Alert | -11 -10 -10 ------- Run | Scr Mat Min Peak Influence 206 | 10 206 60 Initial 6 | . 6 . Average 95 | 4 101 34 Maximum Alert Level 1 | . 1 . Low Security (%) 83 | 100 82 100 Level 1 16 | . 17 . Level 2 . | . . . Level 3 . | . . . Level 4 . | . . . Level 5 . | . . . High Security . | . . . Max Security . | . . . Squads Dispatched . | . . . Investigation . | . . . Extermination . | . . . Reinforcement . | . . . Assault . | . . . Garrison . | . . . Intercept . | . . . Construction Impeded . | . . . Haulers Reinforced . | . . . Stealth | -11 -10 -10 --------- Run | Scr Mat Min Distress Signals 1 | . 1 . Communications Jammed . | . . . Distress Signals . | . . . Times Spotted 36 | . 16 20 Peak Tracking Total 13 | . 5 13 Tactical Retreats . | . . . Traps | -11 -10 -10 ------- Run | Scr Mat Min Traps Triggered . | . . . Indirectly . | . . . Trap Hack Attempts . | . . . Triggered . | . . . Disarmed . | . . . Reprogrammed . | . . . Reused . | . . . Traps Extracted . | . . . Installed . | . . . Triggered . | . . . Machines | -11 -10 -10 ---------- Run | Scr Mat Min Machines Disabled 3 | . 2 1 Max in Single Turn 1 | . 1 1 Machines Sabotaged . | . . . Garrisons Compromised . | . . . Overloaded Fab Kills . | . . . Fab Network Shutdowns . | . . . Hacking | -11 -10 -10 --------- Run | Scr Mat Min Machines Accessed 7 | . 7 . Terminals 7 | . 7 . Fabricators . | . . . Repair Stations . | . . . Recycling Units . | . . . Scanalyzers . | . . . Garrison Access . | . . . Total Hacks 18 | . 18 . Successful 9 | . 9 . Failed 9 | . 9 . Catastrophic 2 | . 2 . Database Lockouts . | . . . Manual 10 | . 10 . Terminals 18 | . 18 . Fabricators . | . . . Repair Stations . | . . . Recycling Units . | . . . Scanalyzers . | . . . Garrison Access . | . . . Terminal Hacks 9 | . 9 . Part Schematic 2 | . 2 . Robot Analysis 2 | . 2 . Prototype ID Bank 3 | . 3 . Unreport Threat 1 | . 1 . Locate Traps 1 | . 1 . Fabricator Hacks . | . . . Repair Station Hacks . | . . . Recycling Unit Hacks . | . . . Scanalyzer . | . . . Garrison Access Hacks . | . . . Unauthorized Hacks . | . . . Terminals . | . . . Fabricators . | . . . Repair Stations . | . . . Recycling Units . | . . . Scanalyzers . | . . . Garrison Access . | . . . Data Cores Recovered . | . . . Used . | . . . Hacking Detections 6 | . 6 . Full Trace Events 1 | . 1 . Feedback Events . | . . . Feedback Blocked . | . . . Robot Schematics Acquired . | . . . Robots Built . | . . . Matter . | . . . Time . | . . . Total Robot Build Rating . | . . . Part Schematics Acquired 2 | . 2 . Parts Built . | . . . Matter . | . . . Time . | . . . Total Part Build Rating . | . . . Parts Repaired . | . . . Time . | . . . Parts Recycled . | . . . Recycled Matter . | . . . Retrieved Matter . | . . . Retrieved Components . | . . . Parts Scanalyzed . | . . . Part Schematics Acquired . | . . . Parts Damaged . | . . . Bothacking | -11 -10 -10 ------------ Run | Scr Mat Min Used RIF Installer . | . . . Robots Hacked . | . . . Non-combat . | . . . Combat . | . . . Robot Hacks Applied . | . . . Relay Couplers Released . | . . . Robots Rewired . | . . . Allies Hacked . | . . . Hacks Repelled . | . . . Allies | -11 -10 -10 -------- Run | Scr Mat Min Total Allies . | . . . Largest Group . | . . . Highest-Rated Group . | . . . Highest-Rated Ally . | . . . Total Orders . | . . . Ally Attacks . | . . . Total Damage . | . . . Kills . | . . . Allies Corrupted . | . . . Allies Melted . | . . . Intel | -11 -10 -10 ------- Run | Scr Mat Min Robot Analysis Total 2 | . 2 . Derelict Logs Recovered . | . . . Drone Launches . | . . . Drone Recoveries . | . . . Exploration | -11 -10 -10 ------------- Run | Scr Mat Min Turns Passed 1019 | 31 940 48 Spaces Moved 772 | 9 739 24 Core . | . . . Treads . | . . . Legs . | . . . Wheels 772 | 9 739 24 Hover . | . . . Flight . | . . . Fastest Speed 100 | 100 100 120 Average Speed 109 | 100 109 120 Slowest Speed 120 | 100 120 120 Overloaded Moves . | . . . Propulsion Burnouts . | . . . Robots Hopped . | . . . Cave-ins Triggered . | . . . Exploration Rate (%) 37 | 2 98 13 Regions Visited 2 Branch Regions 1 Pre-discovered Areas . | . . . Known Exits Taken . | . . . Unknown Exits Taken 2 | 1 1 . Scrap Searched . | . . . Spaces Dug 2 | . 2 . Terrain Destroyed 2 | . 2 . Melee . | . . . Projectile 2 | . 2 . AOE . | . . . Terrain Rammed . | . . . Walls Destroyed . | . . . Machines Disabled . | . . . Actions | -11 -10 -10 --------- Run | Scr Mat Min Total 869 | 20 813 36 Wait 7 | . 5 2 Move 770 | 8 738 24 Hop . | . . . Pick Up 14 | . 14 . Fast Attach 2 | 1 1 . Attach 3 | 2 . 1 Detach . | . . . Swap 11 | 1 9 1 Drop 15 | 2 13 . Fire 47 | 6 33 8 Melee . | . . . Ram . | . . . Kick . | . . . Crush . | . . . Escape Stasis . | . . . Rewire . | . . . Trap . | . . . Miscellaneous . | . . . Route ------- -11/Scrapyard -10/Materials (discovered 5 exits: [*Mat x3] / [*Min x2]) -10/Mines History --------- Turn | Location | Event 23 | -11/Scrapyard | Discovered new exit (range 3) 32 | -11/Scrapyard | Entered Materials 314 | -10/Materials | Build established: Mutant 381 | -10/Materials | Discovered new exit (range 10) 561 | -10/Materials | Discovered new exit (range 12) 704 | -10/Materials | Discovered new exit (range 16) 771 | -10/Materials | Discovered new exit (range 7) 899 | -10/Materials | Discovered new exit (range 14) 972 | -10/Materials | Entered Mines 973 | -10/Mines | Assembled infested the area 1010 | -10/Mines | Core integrity fell below 50% 1016 | -10/Mines | Core integrity fell below 20% 1020 | -10/Mines | Destroyed by D-53 Grenadier with Mini Grenade Launcher Last Messages --------------- 00995_ as-80749 destroyed. 00995_ as-82339 destroyed. 00995_ as-50658 destroyed. 00996_ as-31754 destroyed. 00996_ as-08468 destroyed. 01002_ Seismic Survey Station disabled. 01002_ as-21355 destroyed. 01002_ as-03914 destroyed. 01002_ as-28614 destroyed. 01002_ as-91997 destroyed. 01002_ as-06299 destroyed. 01004_ Ion Engine destroyed. 01005_ The unstable cave ceiling collapses. 01006_ Lgt. Cannon destroyed. 01011_ The unstable cave ceiling collapses. 01017_ Autogun destroyed. 01019_ Lgt. Treads destroyed. 01020_ The unstable cave ceiling collapses. 01020_ Autogun destroyed. 01020_ Com. Wheel destroyed. Map ----- +----------------------------------------------------+ | | | ????????????????????????????????????????????? | | ????????????????????????????????????????????? | | ????????????????????????????????????????????? | | ????????????????????????????????????????????? | | ????????????????????????????????????????????? | | ????????????????????????????????????????????? | | ????????????????????????????????????????????? | | ????????????????????????????????????????????? | | ????????????????????????????????????????????? | | ????????????????????????????????????????????? | | ?????????????????????????????? ????????????? | | ????????????????????????????## ?????????? | | ???????????????????????????? #???????? | | ???????????????????????????? ????????? | | ???????????????????????????? #????????? | | ???????????????????????????? #????????? | | ???????????????????????????? #????????? | | ??????????????????##???????? #????????? | | ???????????????#### ####???? #????????? | | ???????????????# ##???# < #?????????? | | ???????????????# #### #??????????? | | ???????????##### # #??????????? | | ???????????# ##?????????? | | ???????????# d #?????????? | | ???????????# d @ ##????????? | | ???????????# ## #????????? | | ???????????# "" ##???????? | | ???????????# """ ## #???????? | | ???????????# """ ### #???????? | | ???????????# %! #?### ##???????? | | ???????????# "" ""!=#?# ##????????? | | ???????????# """ """%## # ##?????????? | | ?????????? """ """=## ##??????????? | | ?????????#?? " ### #???????????? | | ????????????#"%#######?## ##???????????? | | ????????????# "?????????#### ##????????????? | | ???????????? ?????????????####?????????????? | | ????????????# ??????????????????????????????? | | ????????????????????????????????????????????? | | ????????????????????????????????????????????? | | ????????????????????????????????????????????? | | ????????????????????????????????????????????? | | ????????????????????????????????????????????? | | ????????????????????????????????????????????? | | ????????????????????????????????????????????? | | ????????????????????????????????????????????? | | ????????????????????????????????????????????? | | ????????????????????????????????????????????? | | ????????????????????????????????????????????? | +----------------------------------------------------+ Best States ------------- Heat Dissipation 25 Energy Generation 10 Energy Capacity 250 Matter Stores 300 Matter Capacity 300 Sight Range 16 Terrain Scan Density 10 Evasion (%) 40 Recoil Reduction 1 Item Schematics ----------------- Hcp. Storage Unit | -10/Materials | Hacked Lrg. Storage Unit | -10/Materials | Hacked Robot Schematics ------------------ None Fabricated ------------ Nothing Alien Tech Used ----------------- None Achievements -------------- None Challenges ------------ None Game ------ Seed ChargePlasmaSword Manual? 0 Play Time 00:09:12 Cumulative 113.3 hours Start 2020.11.12 @ 00:53:59 End 2020.11.12 @ 01:02:09 Sessions 1 Manual Loads 0 Difficulty Rogue Special Mode Halloween2020/ForbiddenLore Game No. 63 Rogue 63 Adventurer 0 Explorer 0 Win Type - Total 1 Types 1/0/0/0/0/0/0/0/0 Lore% 50 Gallery% 54 Achievement% 44 Wizard Run 0 Options --------- ASCII 1 Keyboard 1 Movement Vi Keybinds 0 Fullscreen 1 Font 16/Terminus Map View 75x55 Tactical HUD 1 Map Filters NONE Filters NONE Steam 1 RUN: 70de4c58-8f57-4ece-8126-8cb971217e3d